 Dungeon Crawl Stone Soup version 0.31-a0-692-gf03d1854d5 (webtiles) character file.

Game seed: 14679413812208210317

34 qw the Shooter (level 3, -3/22 HPs)
             Began as a Gargoyle Hunter on Sept 6, 2023.
             Slain by Terence
             ... wielding a +0 hand axe
              (4 damage)
             ... on level 2 of the Dungeon.
             The game lasted 00:00:19 (954 turns).

qw the Shooter (Gargoyle Hunter)                     Turns: 954, Time: 00:00:20

Health: -3/22      AC:  6    Str: 14    XL:     3   Next: 31%
Magic:  3/3        EV: 11    Int:  9    God:
Gold:   58         SH:  0    Dex: 15    Spells: 2/2 levels left

rFire   . . .        Y - +0 shortbow
rCold   . . .        (shield currently unavailable)
rNeg    + . .        c - +0 leather armour
rPois   inf          (no helmet)
rElec   +            (no cloak)
rCorr   .            (no gloves)
SInv    .            (no boots)
Will    .....        (no amulet)
Stlth   ++           (no ring)
HPRegen 0.23/turn    (no ring)
MPRegen 0.08/turn

%: no passive effects
@: no status effects
A: sickness immunity, AC +3, negative energy resistance 1, electricity
resistance, torment resistance 1, petrification resistance
a: no special abilities


You were on level 2 of the Dungeon.
You visited 1 branch of the dungeon, and saw 2 of its levels.

You collected 58 gold pieces.


Innate Abilities, Weirdness & Mutations

You are immune to sickness and miasma.
Your stone body is resilient. (AC +3)
You are immune to poison.
You resist negative energy. (rN+)
You are resistant to electric shocks. (rElec)
You are resistant to unholy torment.
You are immune to petrification.


   Skills:
 + Level 2.4 Fighting
 - Level 5.0 Ranged Weapons
 - Level 1.5 Dodging
 - Level 1.1 Stealth


You had 2 spell levels left.
You didn't know any spells.
Your spell library was empty.

Inventory:

Hand Weapons
 Y - a +0 shortbow (weapon)
Armour
 a - a +0 ring mail
 c - a +0 leather armour (worn)
 h - a +1 cloak
Jewellery
 e - a ring of ice
Scrolls
 b - a scroll of identify {unknown}
Potions
 d - a potion of enlightenment {unknown}
 f - a potion of might {unknown}
 g - a potion of degeneration {unknown}
 i - a potion of curing {unknown}

Dungeon Overview and Level Annotations

Branches:
Dungeon (2/15)

Altars:

Annotations:
D:2 Terence


Message History

The kobold is moderately wounded.
The kobold hits you with a +2 short sword of speed.
The frilled lizard closely misses you. The kobold misses you.
You shoot an arrow. The arrow hits the kobold.
The kobold is moderately wounded.
The kobold hits you with a +2 short sword of speed.
The frilled lizard barely misses you. Terence says, "Did you write a will?
You should..."
You shoot an arrow. The arrow barely misses the kobold.
The kobold barely misses you. The frilled lizard closely misses you.
The kobold hits you with a +2 short sword of speed.
You shoot an arrow. The arrow hits the kobold!
You kill the kobold!
The frilled lizard completely misses you.
You shoot an arrow. The arrow hits Terence.
Terence is lightly wounded.
Terence closely misses you. The frilled lizard misses you.
You shoot an arrow. The arrow barely misses Terence.
Terence closely misses you. The frilled lizard closely misses you.
Terence closely misses you. The frilled lizard barely misses you.
You shoot an arrow. The arrow hits Terence.
Terence is moderately wounded.
Terence completely misses you. The frilled lizard barely misses you.
You shoot an arrow. The arrow hits Terence.
Terence is moderately wounded.
Terence hits you with a +0 hand axe. The frilled lizard closely misses you.
You shoot an arrow.
The arrow hits Terence but does no damage.
Terence is moderately wounded.
Terence hits you but does no damage. The frilled lizard barely misses you.
You shoot an arrow.
The arrow hits Terence but does no damage.
Terence is moderately wounded.
Terence hits you with a +0 hand axe. The frilled lizard closely misses you.
You shoot an arrow.
The arrow hits Terence but does no damage.
Terence is moderately wounded.
Terence hits you with a +0 hand axe. The frilled lizard closely misses you.
Terence hits you with a +0 hand axe.
You die...

###########.#.
#######.....@@....'. #
#.......#####l....#.
#. +...##### .....#
#.# #.......# .....#
....#>..###.### .....#
...#.### #...# .......
...# ###.# .?$....
###.#######.###....##.
####..............#


You could see Terence and a frilled lizard.

Vanquished Creatures
  2 dart slugs (D:1)
  2 ball pythons (D:2)
  5 bats
  An endoplasm (D:1)
  2 giant cockroaches
  4 goblins
  3 hobgoblins
  2 quokkas (D:1)
  3 kobolds
24 creatures vanquished.

Notes
Turn   | Place    | Note
-------+----------+-------------------------------------------
     0 | D:1      | qw the Gargoyle Hunter began the quest for the Orb.
     0 | D:1      | Reached XP level 1. HP: 12/12 MP: 1/1
     0 | D:1      | 0 ||| qw: Version: 0.3-a-76-g4403597
     0 | D:1      | 0 ||| qw: Game counter: 57
     0 | D:1      | 0 ||| qw: Melee chars always use a shield: true
     0 | D:1      | 0 ||| qw: God list: Okawaru
     0 | D:1      | 0 ||| qw: Allow faded altars: false
     0 | D:1      | 0 ||| qw: Do Orc after clearing Dungeon:15 true
     0 | D:1      | 0 ||| qw: Do second Lair branch before Depths: true
     0 | D:1      | 0 ||| qw: Lair rune preference: random
     0 | D:1      | 0 ||| qw: Goals: Normal
     0 | D:1      | 0 ||| PLANNING D:1-11
    69 | D:1      | Reached XP level 2. HP: 17/17 MP: 2/2
   529 | D:1      | 529 ||| READING scroll labelled NAOHIUCWOF.
   530 | D:1      | 530 ||| READING scroll labelled GAPPENL DEIM.
   531 | D:1      | 531 ||| DROPPING scroll of butterflies.
   581 | D:2      | Reached XP level 3. HP: 21/21 MP: 3/3
   705 | D:2      | Reached skill level 5 in Ranged Weapons
   940 | D:2      | Noticed Terence
   951 | D:2      | HP: 4/22 [Terence/+0 hand axe (4)]
   954 | D:2      | HP: 1/22 [Terence/+0 hand axe (2)]
   954 | D:2      | Slain by Terence

Levels and vault maps discovered:
D:1:      tarquinn_simple_flora_water_e, layout_basic
D:2:      layout_basic, uniq_terence

Skill      XL: |  1  2  3 |
---------------+----------+-----
Ranged Weapons | 5 |  5.0
Fighting       | |  2.4
Dodging        | |  1.5
Stealth        | |  1.1

Action                     || total
---------------------------++-------
   Fire: Shortbow          ||    73
    Use: Scroll            ||     2
 Armour: Leather armour    ||    19
  Dodge: Dodged            ||    30

Table legend:
 A = Non-vault XP
 B = Vault XP
 C = Vault XP percentage of total XP
 D = Non-vault monster count
 E = Vault monster count
 F = Vault count percentage of total count
                 A         B        C        D         E       F
            +---------+---------+-------+---------+---------+-------
      Total |      49 |       0 |   0.0 |      24 |       0 |   0.0
            +---------+---------+-------+---------+---------+-------
        D:1 |      31 |       0 |   0.0 |      15 |       0 |   0.0
        D:2 |      18 |       0 |   0.0 |       9 |       0 |   0.0
            +---------+---------+-------+---------+---------+-------
